Map: Dusty Gorge

Players

zqmdfg

  • Race: Terran Terran
  • League: Diamond
  • Spawn Location: 3:00

maximusjesse

  • Race: Zerg Zerg
  • Spawn Location: 5:00

HiboFlavin - Winner!

  • Race: Terran Terran
  • League: Diamond
  • Spawn Location: 11:00

Adversity - Winner!

  • Race: Terran Terran
  • Spawn Location: 9:00

VOD

Have the link to the VOD?

Description

Time

  • Played on: Sept. 1, 2018, 2:51 p.m.
  • Length: 4:09
Show
View Real Time Build Order
Export as new Build Order

zqmdfg Terran 

Build Orders:  

Get SALT Encoding   

  12  0:02  SCV  
  13  0:14  SCV  
  13  0:20  Supply Depot  
  14  0:26  SCV  
  15  0:33  Refinery  
  15  0:41  SCV  
  16  0:47  Barracks  
  16  0:53  SCV  
  17  1:06  SCV  
  18  1:18  SCV  
  19  1:34  Orbital Command  
  19  1:35  Marine  
  19  1:37  Factory  
  20  1:54  Supply Depot  
  20  2:01  Barracks Reactor  
  20  2:04  SCV  
  21  2:16  SCV  
  22  2:24  Hellion  
  22  2:25  Bunker  
  22  2:28  SCV  
  20  2:54  Hellion  
  23  3:03  SCV  
  21  3:29  Command Center  
  18  3:47  Supply Depot  
  17  4:01  Bunker  
  17  4:04  Supply Depot  
Show
View Real Time Build Order
Export as new Build Order

maximusjesse Zerg 

Build Orders: Pool First 

Get SALT Encoding   

  12  0:01  Drone  
  13  0:08  Drone  
  14  0:18  Overlord  
  14  0:37  Spawning Pool  
  14  0:39  Extractor  
  14  0:40  Drone  
  13  0:44  Drone  
  13  0:49  Drone  
  15  0:54  Drone  
  16  1:03  Overlord  
  16  1:26  Zergling x4  
  16  1:27  Queen  
  20  1:35  Zergling x2  
  21  1:43  Metabolic Boost  
  21  1:48  Zergling x2  
  22  2:01  Zergling x2  
  23  2:04  Queen  
  23  2:06  Zergling x2  
  26  2:22  Zergling x2  
  27  2:30  Zergling x2  
  27  2:35  Hatchery  
  27  2:36  Zergling x4  
  27  2:47  Zergling x4  
  27  2:55  Zergling x2  
  27  3:04  Zergling x2  
  27  3:05  Queen  
  28  3:18  Zergling x2  
  27  3:26  Zergling x2  
  27  3:39  Zergling x2  
  27  3:40  Zergling x4  
  27  3:45  Zergling x2  
  26  3:49  Zergling x2  
Show
View Real Time Build Order
Export as new Build Order

HiboFlavin Terran - Winner!

Build Orders:  

Get SALT Encoding   

  12  0:01  SCV  
  13  0:14  SCV  
  14  0:24  Supply Depot  
  14  0:56  Refinery  
  14  0:59  Refinery  
  14  1:16  SCV  
  15  3:08  Supply Depot  
Show
View Real Time Build Order
Export as new Build Order

Adversity Terran - Winner!

Build Orders:  

Get SALT Encoding   

  12  0:01  SCV  
  13  0:13  SCV  
  14  0:18  Supply Depot  
  15  0:30  Refinery  
  14  0:43  Barracks  
  14  0:45  Barracks  
  14  0:47  Barracks x2  
  14  0:53  Barracks  
  14  1:05  Refinery  
  14  1:13  Barracks  
  14  1:21  SCV  
  15  1:30  Reaper  
  16  1:33  Reaper  
  16  1:34  Reaper  
  16  1:37  Reaper  
  19  1:41  Reaper  
  20  1:48  Supply Depot  
  20  1:59  Orbital Command  
  20  2:02  Reaper  
  20  2:06  Reaper  
  20  2:07  Reaper  
  23  2:11  Reaper  
  23  2:13  Reaper  
  25  2:16  Reaper  
  26  2:23  Supply Depot  
  26  2:26  SCV  
  27  2:34  Reaper  
  29  2:44  Reaper x2  
  30  2:54  Reaper x3  
  33  3:04  SCV  
  34  3:06  Reaper  
  34  3:08  Supply Depot  
  35  3:13  Barracks  
  35  3:14  Barracks  
  35  3:16  Reaper x2  
  37  3:24  SCV  
  37  3:26  Reaper  
  39  3:30  Reaper  
  40  3:35  Reaper  
  40  3:39  SCV  
Tags
 
Add a new tag
Caveats
  • Supply blocks, unpowered buildings, or Contaminate may cause inaccurate times.
  • Supply counts are checked every 10 seconds.